 Dungeon Crawl Stone Soup version 0.23-a0-171-g5ae17c6 (webtiles) character file.

30 HAL9000 the Sneak (level 3, 0/18 HPs)
             Began as a Vine Stalker Assassin on Sept 13, 2018.
             Succumbed to an adder's poison
             ... on level 2 of the Dungeon.
             The game lasted 00:02:08 (533 turns).

HAL9000 the Sneak (Vine Stalker Assassin)            Turns: 533, Time: 00:02:08

Health: 0/18       AC:  3    Str: 19    XL:     3   Next: 18%
Magic:  2/4        EV: 11    Int: 16    God:
Gold:   32         SH:  0    Dex: 15    Spells: 2/2 levels left

rFire    . . .     SeeInvis .   a - +2 dagger
rCold    . . .     Gourm    .   (no shield)
rNeg     . . .     Faith    .   c - +0 robe
rPois    .         Spirit   +   (helmet restricted)
rElec    .         Reflect  .   d - +0 cloak
rCorr    .         Harm     .   (no gloves)
MR       .....     Clarity  +   (no boots)
Stlth    +++.......             (no amulet)
HPRegen  0.06/turn              (no ring)
MPRegen  0.09/turn              (no ring)

@: mighty, brilliant, lethally poisoned (0 -> -4), berserk cooldown, slowed,
very slow
A: antennae 1, fangs 2, clarity, evolution 1, magic shield, antimagic bite, no
potion heal 3, rot immunity, MP-powered wands
a: no special abilities


You were on level 2 of the Dungeon.
You were not hungry.

You visited 1 branch of the dungeon, and saw 2 of its levels.

You collected 32 gold pieces.

Inventory:

Hand Weapons
 a - a +2 dagger (weapon)
 b - a +0 blowgun
Missiles
 e - 8 poisoned needles
 f - 2 curare-tipped needles
 k - 3 javelins (quivered)
Armour
 c - a +0 robe (worn)
 d - a +0 cloak (worn)
Scrolls
 j - a scroll of teleportation {unknown}
 l - a scroll of remove curse {unknown}
 m - 6 scrolls of identify {unknown}
Potions
 n - 2 potions of brilliance
Comestibles
 g - 3 rations


   Skills:
 - Level 1.7 Fighting
 + Level 2.6 Short Blades
 + Level 2.5 Throwing
 - Level 0.7 Dodging
 - Level 4.8 Stealth


You had 2 spell levels left.
You didn't know any spells.
Your spell library was empty.

Dungeon Overview and Level Annotations

Branches:
Dungeon (2/15)

Altars:


Innate Abilities, Weirdness & Mutations

You have extremely sharp teeth.
When hurt, damage is shared between your health and your magic reserves.
Your bite disrupts and absorbs the magic of your enemies.
Potions cannot restore your health.
You are immune to rotting.
You have a pair of small antennae on your head.
You possess an exceptional clarity of mind.
You evolve.
You expend magic power (3 MP) to strengthen your wands.


Message History

k - 3 javelins (gained 1)
You feel your anger nearly subside.
You are no longer berserk.
You are exhausted.
You feel yourself slow down.
* * * LOW HITPOINT WARNING * * *
You feel sick.
There is a stone staircase leading down here.
* * * LOW HITPOINT WARNING * * *
You feel sick.
You climb downwards.
* * * LOW HITPOINT WARNING * * *
You feel sick. The frilled lizard barely misses you.
The frilled lizard bites you. The frilled lizard barely misses you.
There is a stone staircase leading up here.
You puncture the frilled lizard!
You kill the frilled lizard!
* * * LOW HITPOINT WARNING * * *
You feel sick.
Found 5 needles of paralysis.
You die...

...####.##. #. #..
.........(..
#.##..##.......%..
#........#......###
.......#.#.........
...................
......#............
...........@......(
........<..........
...........##......
...........# ##.#..
.......#..... # .
.###...#.......
#....#........
......##.......
...... #....##.


There were no monsters in sight!

Vanquished Creatures
  An adder (D:1)
  2 dart slugs (D:1)
  2 leopard geckos (D:1)
  3 goblins
  2 kobolds (D:1)
  2 frilled lizards
  4 rats (D:1)
16 creatures vanquished.

Notes
Turn   | Place    | Note
-------+----------+-------------------------------------------
     0 | D:1      | HAL9000 the Vine Stalker Assassin began the quest for the
                  | Orb.
     0 | D:1      | Reached XP level 1. HP: 11/11 MP: 2/2
   199 | D:1      | Reached XP level 2. HP: 15/15 MP: 3/3
   519 | D:1      | Reached XP level 3. HP: 8/18 MP: 2/4
   521 | D:1      | Gained mutation: You possess an exceptional clarity of
                  | mind. [potion of mutation]
   521 | D:1      | Gained mutation: You evolve. [potion of mutation]
   521 | D:1      | Gained mutation: You have a pair of small antennae on your
                  | head. [potion of mutation]
   521 | D:1      | Gained mutation: You expend magic power (3 MP) to
                  | strengthen your wands. [potion of mutation]
   533 | D:2      | Succumbed to an adder's poison

Vault maps used:
D:1:      dpeg_arrival_castle, minmay_tromino_v4_a
D:2:      tso_oasis_becter, first_ration

Skill      XL: |  1 |
---------------+----+-----
Short Blades   | 2 |  2.6
Throwing       | 2 |  2.5
Fighting       | |  1.7
Dodging        | |  0.7
Stealth        | |  4.8

Action                   || total
-------------------------++-------
Melee: Dagger            ||    23
       Bite              ||     1
Throw: Javelin           ||     1
  Use: Potion            ||     4
 Stab: Sleeping          ||     5
Armor: Robe              ||     2
Dodge: Dodged            ||     9

Table legend:
 A = Non-vault XP
 B = Vault XP
 C = Vault XP percentage of total XP
 D = Non-vault monster count
 E = Vault monster count
 F = Vault count percentage of total count
                 A         B        C        D         E       F
            +---------+---------+-------+---------+---------+-------
      Total |      38 |       5 |  11.6 |      13 |       3 |  18.8
            +---------+---------+-------+---------+---------+-------
        D:1 |      35 |       5 |  12.5 |      11 |       3 |  21.4
        D:2 |       3 |       0 |   0.0 |       2 |       0 |   0.0
            +---------+---------+-------+---------+---------+-------
